 Dungeon Crawl Stone Soup version 0.27.1-33-g824d729ab1 (webtiles) character file.

Game seed: 16458884600647991178

50 Descartes the Vexing (level 3, -2/17 HPs)
             Began as a Spriggan Arcane Marksman on Dec 31, 2021.
             Slain by a worm (8 damage)
             ... on level 2 of the Dungeon.
             The game lasted 00:06:44 (2130 turns).

Descartes the Vexing (Spriggan Arcane Marksman)     Turns: 2130, Time: 00:06:45

Health: -2/17      AC:  2    Str:  7    XL:     3   Next: 55%
Magic:  4/7        EV: 18    Int: 14    God:
Gold:   32         SH:  0    Dex: 15    Spells: 2/6 levels left

rFire    . . .     SeeInvis +   p - +1 dagger (drain)
rCold    . . .     Faith    .   (shield restricted)
rNeg     . . .     Spirit   .   d - +0 robe
rPois    .         Reflect  .   (helmet restricted)
rElec    .         Harm     .   (no cloak)
rCorr    .         Rampage  .   (gloves unavailable)
Will     .....                  (boots unavailable)
Stlth    +.........             (no amulet)
HPRegen  0.05/turn              (no ring)
MPRegen  0.10/turn              (no ring)

@: very quick
A: very small, no large weapons, unfitting armour, see invisible, speed 3
a: no special abilities


You were on level 2 of the Dungeon.
You visited 1 branch of the dungeon, and saw 2 of its levels.

You collected 32 gold pieces.

Inventory:

Hand Weapons
 a - a +0 hunting sling
 b - a +0 dagger
 p - a +1 dagger of draining (weapon)
Missiles
 c - 9 sling bullets
 h - 6 stones
 l - 43 arrows
 m - 3 datura-tipped darts
Armour
 d - a +0 robe (worn)
Scrolls
 f - a scroll of blinking {unknown}
 g - a scroll of enchant weapon {unknown}
 j - a scroll of identify {unknown}
 k - a scroll of fear {unknown}
 n - a scroll of amnesia {unknown}
 o - a scroll of magic mapping {unknown}
Potions
 e - a potion of flight {unknown}
 i - a potion of attraction {unknown}


   Skills:
 - Level 0.7 Fighting
 + Level 3.1 Slings
 + Level 3.4 Dodging
 + Level 2.4 Spellcasting
 + Level 4.1 Hexes
 + Level 0.8 Translocations


You had 2 spell levels left.
You knew the following spells:

 Your Spells              Type           Power      Damage    Failure   Level
a - Corona                Hex            14%        N/A       4%          1
b - Portal Projectile     Hex/Tloc       16%        N/A       24%         3

Your spell library contained the following spells:

 Spells                   Type           Power      Damage    Failure   Level
 Slow                     Hex            13%        N/A       6%          2
 Inner Flame              Hex/Fire       7%         N/A       28%         3
 Cause Fear               Hex            6%         N/A       38%         4


Dungeon Overview and Level Annotations

Branches:
Dungeon (2/15)

Altars:

Annotations:
D:2 Sigmund


Innate Abilities, Weirdness & Mutations

You are very small and have problems with some larger weapons.
You are too small for most types of armour.
You have supernaturally acute eyesight. (SInv)
You cover ground extremely quickly. (Speed+++)


Message History

You kill the hobgoblin!
Casting: Corona (safe; 4% risk of failure)
Confirm with . or Enter, or press ? or * to list all spells.
Aiming: Corona (safe; 4% risk of failure)
Press: ? - help, Shift-Dir - straight line, f - worm
Aim: a worm (chance to affect: 58%)
The worm struggles to resist.
Casting: Corona (safe; 4% risk of failure)
Confirm with . or Enter, or press ? or * to list all spells.
Aiming: Corona (safe; 4% risk of failure)
Press: ? - help, Shift-Dir - straight line, f/p - worm
Aim: a worm (chance to affect: 58%)
The worm is outlined in light.
You shoot a sling bullet. The sling bullet hits the worm.
The worm is lightly wounded.
The worm barely misses you.
You shoot a sling bullet. The sling bullet hits the worm.
The worm is lightly wounded.
You shoot a sling bullet. The sling bullet hits the worm.
The worm is moderately wounded.
The worm barely misses you.
You shoot a sling bullet. The sling bullet hits the worm.
The worm is heavily wounded.
The worm bites you!
Ouch! That really hurt!
You are too injured to fight recklessly!
You are too injured to fight recklessly!
c - 9 sling bullets (gained 2)
You see here a +1 dagger of draining.
p - a +1 dagger of draining You sense an unholy aura.
p - a +1 dagger of draining (weapon)
You are too injured to fight recklessly!
You hit the worm. You drain the worm.
The worm is severely wounded.
The worm misses you.
You hit the worm.
The worm is severely wounded.
The worm bites you!
You die...

. #<)......#
..
###.##.#.###
... #......#
#..##.#†##.#
.....#.# #
##).#.#
#.....###
#...#..w.#
..((( #.(#@#
#!#. #..#.#
... #..#(#
.. #...(# .
...### ..#.#
..#.#


You could see a worm (drained).

Vanquished Creatures
  2 dart slugs (D:1)
  4 bats
  4 endoplasms
  3 giant cockroaches (D:1)
  3 goblins
  6 hobgoblins
  3 jackals (D:1)
  2 quokkas (D:1)
  3 ball pythons
  A frilled lizard (D:1)
  5 kobolds
  3 rats (D:1)
39 creatures vanquished.

Notes
Turn   | Place    | Note
-------+----------+-------------------------------------------
     0 | D:1      | Descartes the Spriggan Arcane Marksman began the quest for
                  | the Orb.
     0 | D:1      | Reached XP level 1. HP: 9/9 MP: 3/3
   263 | D:1      | Reached XP level 2. HP: 14/14 MP: 5/5
   871 | D:1      | Reached skill level 4 in Hexes
  1072 | D:1      | Reached XP level 3. HP: 17/17 MP: 5/7
  1079 | D:1      | Learned a level 3 spell: Portal Projectile
  1784 | D:2      | Noticed Sigmund
  2130 | D:2      | Slain by a worm

Illustrated notes

Levels and vault maps discovered:
D:1:      lightli_arrival_chessboard, layout_rooms, kennysheep_small_spiral,
          minmay_pentomino_q4
D:2:      layout_basic, hellmonk_ecumenical_altar_heavens_door, minmay_circle_x,
          uniq_sigmund

Skill      XL: |  1  2 |
---------------+-------+-----
Dodging        | 3 |  3.4
Spellcasting   | 2 |  2.4
Hexes          | 4 |  4.1
Slings         | 3 |  3.1
Fighting       | |  0.7
Translocations | |  0.8

Action                   || total
-------------------------++-------
Melee: Dagger            ||    91
 Fire: Hunting sling     ||    62
 Cast: Corona            ||    34
Armor: Robe              ||    16
Dodge: Dodged            ||    97
